 Dungeon Sprint DCSS version 0.28.0-1-gb440e238dd (webtiles) character file.

Game seed: 17401016467937681174

95 DungeonDestroyer the Skirmisher (level 4, 0/41 HPs)
             Began as a Demigod Fighter on Feb 27, 2022.
             Slain by a black bear (7 damage)
             ... in the Dungeon (Sprint IX: "|||||||||||||||||||||||||||||").
             The game lasted 00:00:41 (36 turns).

DungeonDestroyer the Skirmisher (Demigod Fighter)     Turns: 36, Time: 00:00:41

Health: 0/41       AC:  7    Str: 17    XL:     4   Next: 17%
Magic:  5/9        EV: 10    Int: 10    God:
Gold:   0          SH:  5    Dex: 17    Spells: 6/6 levels left

rFire   . . .      SeeInvis .   a - +0 trident
rCold   . . .      Faith    .   c - +0 buckler
rNeg    . . .      Spirit   .   b - +0 scale mail
rPois   .          Reflect  .   (no helmet)
rElec   .          Harm     .   (no cloak)
rCorr   .          Rampage  .   (no gloves)
Will    .....      NoTele   +   (no boots)
Stlth   +.........              (no amulet)
HPRegen 0.13/turn               (no ring)
MPRegen 0.11/turn               (no ring)

@: lethally poisoned (0 -> -5)
A: high MP 1, forlorn, divine attributes
a: no special abilities


You were in the Dungeon.
You visited 1 branch

Inventory:

Hand Weapons
 a - a +0 trident (weapon)
Armour
 b - a +0 scale mail (worn)
 c - a +0 buckler (worn)
Scrolls
 j - a scroll of blinking
Potions
 d - a potion of might
 g - a potion of haste
 h - 2 potions of magic
 i - a potion of berserk rage


   Skills:
 * Level 4.5 Fighting
 * Level 3.6 Polearms
 * Level 4.3 Armour
 * Level 2.1 Dodging
 * Level 2.2 Stealth
 * Level 4.2 Shields
 * Level 1.7 Spellcasting


You had 6 spell levels left.
You didn't know any spells.
Your spell library was empty.

Dungeon Overview and Level Annotations

Branches:
Dungeon (1/1)


Innate Abilities, Weirdness & Mutations

You have an increased reservoir of magic. (+10% MP)
You shall have no god before yourself.
Your divine heritage dramatically boosts your attributes as you level up.


Message History

You are too injured to fight recklessly!
You are too injured to fight recklessly!
You are too injured to fight recklessly!
You are too injured to fight recklessly!
You are too injured to fight recklessly!
You are too injured to fight recklessly!
You are too injured to fight recklessly!
You are too injured to fight recklessly!
You are too injured to fight recklessly!
You are too injured to fight recklessly!
You are too injured to fight recklessly!
You are too injured to fight recklessly!
Unknown command.
You puncture the scorpion!
You kill the scorpion!
* * * LOW HITPOINT WARNING * * *
You feel very sick.
Your Fighting skill increases to level 4!
Your Polearms skill increases to level 3!
Your Armour skill increases to level 4!
Your Dodging skill increases to level 2!
Your Stealth skill increases to level 2!
Your Shields skill increases to level 4!
You have reached level 4!
You are too injured to fight recklessly!
You closely miss the black bear.
* * * LOW HITPOINT WARNING * * *
You feel sick.
The black bear bites you but does no damage.
The black bear closely misses you. You block the black bear's attack.
You are too injured to fight recklessly!
Unknown command.
You hit the black bear.
The black bear is moderately wounded.
* * * LOW HITPOINT WARNING * * *
You feel sick. The black bear closely misses you.
The black bear barely misses you.
The black bear claws you but does no damage.
The black bear bites you!
You die...

▓.▓
▓.▓
▓.▓
▓)▓
▓)▓
▓.▓
▓.▓
▓.▓
▓@▓
▓h▓
▓Z▓
▓.▓
▓.▓
▓.▓
▓.▓
▓+▓


You could see a black bear and an adder zombie.

Vanquished Creatures
  A scorpion (D)
  A hound (D)
  An ufetubus (D)
  A bat (D)
  2 goblins (D)
  2 kobolds (D)
8 creatures vanquished.

Notes
Turn   | Place    | Note
-------+----------+-------------------------------------------
     0 | D        | DungeonDestroyer the Demigod Fighter began the quest for
                  | the Orb.
     0 | D        | Reached XP level 1. HP: 18/18 MP: 3/3
    16 | D        | Noticed a hound
    16 | D        | Noticed a scorpion
    16 | D        | Noticed a black bear
    19 | D        | Reached XP level 2. HP: 19/26 MP: 3/5
    27 | D        | Reached skill level 1 in Dodging
    27 | D        | Reached skill level 1 in Stealth
    27 | D        | Reached skill level 1 in Spellcasting
    27 | D        | Reached XP level 3. HP: 33/33 MP: 3/7
    34 | D        | Killed a scorpion
    35 | D        | Reached XP level 4. HP: 11/41 MP: 4/9
    36 | D        | Slain by a black bear

Illustrated notes

Levels and vault maps discovered:
D:        linesprint [early_d, line_temple, items_1, d_10, items_2, lair_1,
          lair_end, items_3, orc_1, orc_end, items_4, d_15, swamp_1, shoals_1,
          snake_1, spider_1, d_20, vaults_1, items_5, swamp_end, shoals_end,
          snake_end, spider_end, vaults_end, d_27, items_6, zot_1, zot_end,
          crypt_end, forest_end, elf_end, slime_end, tomb_end, abyss_end,
          pan_hell_end]

Skill      XL: |  1  2  3 |
---------------+----------+-----
Fighting       | 3 4 |  4.5
Polearms       | 2 3 |  3.6
Armour         | 3 4 |  4.3
Shields        | 3 4 |  4.2
Dodging        | 1 2 |  2.1
Stealth        | 1 2 |  2.2
Spellcasting   | 1 |  1.7

Action                   |  1- 3 |  4- 6 || total
-------------------------+-------+-------++-------
Melee: Trident           |    22 |     2 ||    24
  Use: Potion            |     2 |       ||     2
Armor: Scale mail        |     7 |     2 ||     9
Dodge: Dodged            |     7 |     3 ||    10
Block: Buckler           |     6 |     1 ||     7
